 Dungeon Crawl Stone Soup version 0.24-a0-809-g71cb82dfb8 (webtiles) character file.

Game seed: 15884265462392113306, levelgen mode: deterministic

6120 Gargoyl the Chopper (level 10, -5/124 HPs)
             Began as a Centaur Abyssal Knight on Oct 11, 2019.
             Was a High Priest of Lugonu.
             Slain by a +0 flail of chaos (13 damage)
             ... on level 8 of the Dungeon.
             The game lasted 00:15:45 (13704 turns).

Gargoyl the Chopper (Centaur Abyssal Knight)       Turns: 13704, Time: 00:15:46

Health: -5/124     AC: 14    Str: 21    XL:     10   Next: 59%
Magic:  8/15       EV:  5    Int: 11    God:    Lugonu [*****.]
Gold:   86         SH:  8    Dex: 13    Spells: 9/9 levels left

rFire    . . .     SeeInvis .   y - +4 broad axe (elec)
rCold    . . .     Gourm    .   E - +0 shield
rNeg     . . .     Faith    .   j - +1 chain mail
rPois    .         Spirit   .   h - +2 helmet
rElec    .         Reflect  .   o - scarf {repulsion}
rCorr    +         Harm     .   (no gloves)
MR       .....                  (no barding)
Stlth    ..........             (no amulet)
HPRegen  0.30/turn              l - ring of resist corrosion
MPRegen  0.14/turn              n - +2 ring of dexterity

@: berserking (expiring), lethally poisoned (-5 -> -7), hasted, repel missiles,
very quick
A: large, hooves 3, deformed body, speed 2, tough skin 3
a: Depart the Abyss, Bend Space, Banish, Corrupt, Enter the Abyss, Renounce
Religion


You were on level 8 of the Dungeon.
You worshipped Lugonu.
Lugonu was extremely pleased with you.
You were hungry.

You visited 1 branch of the dungeon, and saw 9 of its levels.
You visited the Abyss 1 time.
You also visited: Ossuary.

You collected 451 gold pieces.
You spent 365 gold pieces at shops.

Inventory:

Hand Weapons
 a - a +2 hand axe
 y - a +4 broad axe of electrocution (weapon)
 z - a +0 shortbow
Missiles
 f - 133 arrows
Armour
 h - a +2 helmet (worn)
 j - a +1 chain mail (worn)
 o - a scarf of repulsion (worn)
 u - a scarf of cloud immunity
 E - a +0 shield (worn)
Jewellery
 l - a ring of resist corrosion (left hand)
 n - a +2 ring of dexterity (right hand)
 H - an uncursed amulet of regeneration {unknown}
Wands
 q - a wand of polymorph (11)
 s - a wand of scattershot (5)
 x - a wand of digging (3)
 B - a wand of acid (6)
 C - a wand of random effects (22)
Scrolls
 b - 2 scrolls of teleportation
 i - 9 scrolls of identify
 r - 2 scrolls of remove curse
 t - a scroll of enchant armour
 w - 2 scrolls of fog
 D - a scroll of fear
Potions
 d - 3 potions of flight
 e - 4 potions of curing
 g - 4 potions of heal wounds
 k - 3 potions of lignification
 m - 2 potions of cancellation
 p - 2 potions of berserk rage
 v - 3 potions of brilliance
 A - a potion of might
 F - a potion of agility
 G - a potion of magic {unknown}
Comestibles
 c - 17 rations
 I - a chunk of flesh


   Skills:
 + Level 5.7 Fighting
 + Level 7.6 Axes
 + Level 0.8 Bows
 * Level 7.3 Armour
 * Level 4.4 Dodging
 + Level 0.8 Shields
 * Level 7.3 Invocations
 + Level 0.3 Evocations


You had 9 spell levels left.
You didn't know any spells.
Your spell library contained the following spells:

 Spells                   Type           Power        Failure   Level  Hunger
 Confusing Touch          Hex            #.....       100%        1    ##.....
 Summon Small Mammal      Summ           #...         100%        1    ##.....
 Call Imp                 Summ           #.......     100%        2    ###....
 Call Canine Familiar     Summ           #.......     100%        3    ####...
 Confuse                  Hex            #.......     100%        3    ####...
 Gell's Gravitas          Tloc           #.........   100%        3    ####...
 Summon Guardian Golem    Hex/Summ       #.......     100%        3    ####...
 Petrify                  Tmut/Erth      #.......     100%        4    #####..
 Summon Ice Beast         Ice/Summ       #.......     100%        4    #####..
 Summon Lightning Spire   Summ/Air       #.......     100%        4    #####..
 Metabolic Englaciation   Hex/Ice        #.........   100%        5    ######.
 Yara's Violent Unravell  Hex/Tmut       #.........   100%        5    ######.


Dungeon Overview and Level Annotations

Branches:
Dungeon (9/15)             Temple (0/1) D:6         Ossuary (visited)
   Lair: D:8-11         Orc: D:9-12

Altars:
Ashenzari
Cheibriados
Hepliaklqana
Nemelex Xobeh
Okawaru
Sif Muna
Vehumet
Wu Jian
Xom
Yredelemnul
The Shining One

Shops:
D:4 *[(=   D:5 (

Annotations:
D:9 Fasuom's ghost, journeyman GrEE


Innate Abilities, Weirdness & Mutations

You have hooves in place of feet.
Armour fits poorly on your strangely shaped body.
You cover ground very quickly.
You have extremely tough skin. (AC +3)


Message History

You kick the +0 flail of chaos, but do no damage.
You feel sick. The +0 flail of chaos hits you. The +0 flail of chaos burns you.
You hit the +0 flail of chaos. Your kick misses the +0 flail of chaos.
The +0 flail of chaos is lightly damaged.
You feel sick. The +0 flail of chaos hits you!
* * * LOW HITPOINT WARNING * * *
The +0 flail of chaos burns you.
* * * LOW HITPOINT WARNING * * *
You closely miss the +0 flail of chaos. Your kick misses the +0 flail of chaos.
The +0 flail of chaos is lightly damaged.
The +0 flail of chaos hits you!
* * * LOW HITPOINT WARNING * * *
The +0 flail of chaos hits you!
* * * LOW HITPOINT WARNING * * *
You feel your power leaking away.
You are feeling hungry.
You slash the +0 flail of chaos!
The +0 flail of chaos is heavily damaged.
You feel sick. The +0 flail of chaos hits you!
You die...

#.........# #........
##.......## #..######
##.....## #..#
#....####### #..#
#..........####..#
##.##............#
#.##..###.#####.######
#.##..#...............
#.##.@#.#.#####.######
#...(.....#####)#
####............#
###########.## #.# #.#
#.####### #........
#########


You could see a +0 flail of chaos.

Vanquished Creatures
  A two-headed ogre (D:7)
  Joseph (D:9)
  A gargoyle (D:9)
  2 hippogriffs
  A hungry ghost (D:9)
  A steam dragon (D:7)
  A water moccasin (D:8)
  2 orc warriors (D:8)
  4 black bears
  2 sky beasts
  4 ogres
  2 ice beasts (D:8)
  5 centaurs
  A big kobold (D:8)
  4 bullfrogs
  A water moccasin zombie (D:7)
  A wyvern skeleton (D:8)
  5 scorpions
  A water moccasin skeleton (D:9)
  2 howler monkeys
  A quasit (D:8)
  A centaur zombie (D:7)
  3 crimson imps
  6 hounds
  2 bullfrog skeletons
  A human zombie (Ossuary)
  5 jellies
  2 orc priests (D:8)
  6 orc wizards
  8 iguanas
  5 worker ants
  2 big kobold zombies (Ossuary)
  A hound zombie (Ossuary)
  A hound skeleton (D:8)
  5 mummies
  A worker ant zombie (D:6)
  3 gnolls
  13 adders
  A shadow imp (D:9)
  2 oozes
  An adder skeleton (D:9)
  3 adder zombies
  4 worms
  2 dart slugs
  9 leopard geckos
  25 orcs
  4 bats
  6 giant cockroaches
  7 goblins
  9 hobgoblins
  4 jackals (D:4)
  6 quokkas
  2 ball pythons (D:1)
  5 frilled lizards
  A giant cockroach zombie (D:6)
  A gnoll zombie (Ossuary)
  A goblin zombie (D:6)
  A hobgoblin zombie (D:6)
  A jackal zombie (Ossuary)
  18 kobolds
  3 kobold zombies (Ossuary)
  7 rats
  2 rat zombies (Ossuary)
233 creatures vanquished.

Vanquished Creatures (others)
  A steam dragon (D:7)
  An orc warrior (D:7)
2 creatures vanquished.

Grand Total: 235 creatures vanquished

Notes
Turn   | Place    | Note
-------+----------+-------------------------------------------
     0 | Abyss:1  | Gargoyl the Centaur Abyssal Knight began the quest for the
                  | Orb.
     0 | Abyss:1  | Reached XP level 1. HP: 19/19 MP: 2/2
    31 | Abyss:1  | Noticed a ynoxinul
    34 | Abyss:1  | Noticed a small abomination
    34 | Abyss:1  | Noticed a neqoxec
    53 | Abyss:1  | Noticed a worldbinder
    59 | Abyss:1  | Noticed a mana viper
    64 | Abyss:1  | Noticed a large abomination
    76 | Abyss:1  | Noticed a naga
    76 | D:1      | Escaped the Abyss
   385 | D:1      | Reached XP level 2. HP: 23/26 MP: 3/3
   463 | D:1      | Reached * piety under Lugonu
   651 | D:1      | Reached XP level 3. HP: 29/31 MP: 4/4
   779 | D:1      | Reached skill level 1 in Dodging
   893 | D:2      | Found a radiant altar of Vehumet.
   904 | D:2      | Found a shattered altar of Ashenzari.
  1595 | D:2      | Reached XP level 4. HP: 25/38 MP: 5/5
  2100 | D:3      | Reached ** piety under Lugonu
  2265 | D:3      | Reached XP level 5. HP: 14/46 MP: 7/7
  2562 | D:3      | Found a basalt altar of Yredelemnul.
  3357 | D:4      | Reached XP level 6. HP: 46/52 MP: 8/8
  3822 | D:3      | Reached *** piety under Lugonu
  4242 | D:4      | Found Igioghom's Weapon Boutique.
  4265 | D:4      | Found Siyzaif's Jewellery Shoppe.
  4453 | D:4      | Found a hazy altar of Hepliaklqana.
  4492 | D:4      | Reached XP level 7. HP: 48/59 MP: 9/9
  4556 | D:4      | Found Oricoc's Armour Shoppe.
  4615 | D:4      | Found Uteudi Paat's Assorted Antiques.
  5023 | D:5      | Entered Level 5 of the Dungeon
  5495 | D:5      | Found an iron altar of Okawaru.
  5858 | D:5      | Found Tuttybaru's Antique Weapon Emporium.
  6491 | D:6      | Found a staircase to the Ecumenical Temple.
  6531 | D:6      | Found a sand-covered staircase.
  6541 | Ossuary  | Entered an ossuary
  6558 | Ossuary  | Reached XP level 8. HP: 42/66 MP: 11/11
  6836 | Ossuary  | Reached **** piety under Lugonu
  7012 | D:6      | You fall into a shaft and drop 1 floor!
  7156 | D:7      | Reached skill level 5 in Axes
  7562 | D:7      | Reached skill level 5 in Invocations
  8179 | D:6      | Reached skill level 5 in Armour
  8626 | D:7      | Found a sparkling altar of Nemelex Xobeh.
  9617 | D:7      | Reached XP level 9. HP: 63/72 MP: 13/13
 10318 | D:7      | Found a snail-covered altar of Cheibriados.
 10325 | D:7      | Found a shimmering blue altar of Sif Muna.
 10471 | D:4      | Bought a +4 broad axe of electrocution for 320 gold pieces
 10587 | D:8      | Noticed a two-headed ogre
 10772 | D:7      | Killed a two-headed ogre
 10772 | D:7      | Reached skill level 5 in Fighting
 11084 | D:8      | HP: 1/74 [orc priest/divine providence (11)]
 11650 | D:8      | Reached XP level 10. HP: 72/81 MP: 15/15
 11931 | D:8      | Found an ornate altar of the Wu Jian Council.
 12395 | D:4      | Bought a +0 shield for 45 gold pieces
 12507 | D:9      | Noticed Joseph
 12518 | D:9      | Killed Joseph
 13144 | D:9      | Noticed a gargoyle
 13152 | D:9      | Killed a gargoyle
 13404 | D:9      | Reached ***** piety under Lugonu
 13541 | D:9      | Found a glowing golden altar of the Shining One.
 13671 | D:9      | Noticed a +0 flail of chaos
 13673 | D:9      | Found a shimmering altar of Xom.
 13673 | D:9      | Noticed Fasuom's ghost (journeyman GrEE)
 13675 | D:9      | Found a runed translucent door.
 13704 | D:8      | Slain by a +0 flail of chaos

Levels and vault maps discovered:
D:1:      lemuel_arrival_river_bridge, layout_basic
D:2:      layout_basic, lemuel_crystal_altar, lemuel_crystal_altar,
          minmay_pentomino_s2
D:3:      layout_basic, overflow_temple_1_default, first_ration,
          minmay_three_crescents
D:4:      layout_cave_pools, lemuel_doored_altar, serial_shops,
          nicolae_shop_temple_entry_statues_fountains, nicolae_shop_waterfront,
          nicolae_shop_waterfront, shop
D:5:      layout_basic, basic_altar, serial_shops, shop,
          hangedman_abyss_or_decor_stagger
D:6:      layout_basic, minmay_temple_entry_gardened_gates,
          nicolae_ossuary_entry_giza
D:7:      layout_rooms, amethyst_overflow_temple_binary,
          nemelex_xobeh_ov_fountains_minmay, grunt_ogre_cave,
          kennysheep_decorative_pillar, minmay_quadrilaterals
D:8:      layout_loops_ring, old_standard_altar
D:9:      layout_loops_cross, marbit_many_paths, ebering_ghost_xom, uniq_joseph

Skill      XL: |  1  2  3  4  5  6  7  8  9 10 |
---------------+-------------------------------+-----
Axes           | 2 3 4 5 6 7 |  7.6
Dodging        | 1 2 3 4 |  4.4
Armour         | 2 3 4 5 6 7 |  7.3
Invocations    | 3 4 5 6 7 |  7.3
Fighting       | 4 5 |  5.7
Bows           | |  0.8
Shields        | |  0.8
Evocations     | |  0.3

Action                   |  1- 3 |  4- 6 |  7- 9 | 10-12 || total
-------------------------+-------+-------+-------+-------++-------
Melee: Hand axe          |   118 |   166 |   310 |       ||   594
       Kick              |    17 |    33 |   104 |    33 ||   187
       Broad axe         |       |       |    59 |   116 ||   175
 Fire: Shortbow          |       |       |     6 |       ||     6
Invok: Depart the Abyss  |     1 |       |       |       ||     1
       Banish            |       |       |     3 |       ||     3
Evoke: Wand              |       |       |     6 |       ||     6
  Use: Scroll            |     2 |     7 |    10 |       ||    19
       Potion            |       |     4 |     4 |     3 ||    11
  Eat: Chunk             |     1 |     8 |    11 |     7 ||    27
       Ration            |       |       |     3 |       ||     3
Armor: Leather armour    |    37 |       |       |       ||    37
       Chain mail        |    23 |   154 |   297 |    94 ||   568
Dodge: Dodged            |    61 |    44 |   123 |    20 ||   248
       Deflected         |       |     1 |     7 |     4 ||    12
Block: Shield            |       |       |       |    37 ||    37

Table legend:
 A = Non-vault XP
 B = Vault XP
 C = Vault XP percentage of total XP
 D = Non-vault monster count
 E = Vault monster count
 F = Vault count percentage of total count
                 A         B        C        D         E       F
            +---------+---------+-------+---------+---------+-------
      Total |    7604 |    1139 |  13.0 |     200 |      35 |  14.9
            +---------+---------+-------+---------+---------+-------
        D:1 |      47 |       0 |   0.0 |      23 |       0 |   0.0
        D:2 |      48 |       7 |  12.7 |      14 |       2 |  12.5
        D:3 |     341 |      23 |   6.3 |      34 |       6 |  15.0
        D:4 |     415 |       0 |   0.0 |      19 |       0 |   0.0
        D:5 |     434 |       0 |   0.0 |      20 |       0 |   0.0
        D:6 |     254 |      20 |   7.3 |      14 |       3 |  17.6
        D:7 |    2195 |     440 |  16.7 |      17 |       6 |  26.1
        D:8 |    1806 |       0 |   0.0 |      39 |       0 |   0.0
        D:9 |    2064 |     450 |  17.9 |      20 |       2 |   9.1
    Ossuary |       0 |     199 | 100.0 |       0 |      16 | 100.0
            +---------+---------+-------+---------+---------+-------
